 Dungeon Crawl Stone Soup version 0.30.1-9-gdf580d7c3d (webtiles) character file.

Game seed: 16458940840920360398

65 booth the Chopper (level 4, -3/60 HPs)
             Began as a Hill Orc Monk on Sept 24, 2023.
             Slain by Crazy Yiuf
             ... wielding a +4 quarterstaff of chaos
              (12 damage)
             ... on level 2 of the Dungeon.
             The game lasted 00:10:02 (2107 turns).

booth the Chopper (Hill Orc Monk)                   Turns: 2107, Time: 00:10:03

Health: -3/60      AC:  7    Str: 15    XL:     4   Next: 14%
Magic:  1/4        EV: 11    Int: 10    God:
Gold:   53         SH:  0    Dex: 13    Spells: 3/3 levels left

rFire   . . .        a - +0 hand axe
rCold   . . .        d - orb {light}
rNeg    . . .        l - +0 ring mail
rPois   .            (no helmet)
rElec   .            i - +1 cloak
rCorr   .            (no gloves)
SInv    +            (no boots)
Will    .....        (no amulet) Stlth
                     g - ring of see invisible
HPRegen 0.30/turn    (no ring)
MPRegen 0.09/turn

%: no passive effects
@: mighty, berserking, hasted, glowing, very quick
A: no striking features
a: no special abilities


You were on level 2 of the Dungeon.
You visited 1 branch of the dungeon, and saw 2 of its levels.

You collected 53 gold pieces.

Inventory:

Hand Weapons
 a - a +0 hand axe (weapon)
Armour
 b - a +0 robe
 d - an orb of light (worn)
 i - a +1 cloak (worn)
 l - a +0 ring mail (worn)
Jewellery
 g - a ring of see invisible (left hand)
Wands
 p - a wand of flame (16)
Scrolls
 j - 2 scrolls of teleportation
 m - a scroll of amnesia
 n - a scroll of poison {unknown}
 r - a scroll of magic mapping {unknown}
Potions
 c - a potion of ambrosia
 e - a potion of lignification
 f - a potion of mutation
 h - a potion of resistance
 o - a potion of brilliance {unknown}
 q - a potion of haste {unknown}
 s - a potion of might {unknown}


   Skills:
 + Level 4.3 Fighting
 * Level 5.4 Axes
 + Level 2.9 Dodging


You had 3 spell levels left.
You didn't know any spells.
Your spell library contained the following spells:

 Spells                   Type           Power      Damage    Failure   Level
 Slow                     Hex            0%         N/A       58%         1
 Confusing Touch          Hex            0%         N/A       92%         3
 Vampiric Draining        Necr           0%         2d6       92%         3


Dungeon Overview and Level Annotations

Branches:
Dungeon (2/15)

Altars:

Annotations:
D:2 Crazy Yiuf


Message History

Crazy Yiuf hits you with a +4 quarterstaff of chaos!
You feel yourself speed up.
You barely miss Crazy Yiuf.
Crazy Yiuf laughs, "Cod dark verde!"
Crazy Yiuf hits you with a +4 quarterstaff of chaos.
You feel very mighty all of a sudden.
You hit Crazy Yiuf.
Crazy Yiuf is moderately wounded.
You barely miss Crazy Yiuf.
Crazy Yiuf is moderately wounded.
Crazy Yiuf closely misses you.
You barely miss Crazy Yiuf.
Crazy Yiuf is moderately wounded.
Crazy Yiuf hits you with a +4 quarterstaff of chaos!
Crazy Yiuf freezes you.
You hit Crazy Yiuf.
Crazy Yiuf is moderately wounded.
It was a potion of berserk rage.
A red film seems to cover your vision as you go berserk!
You feel yourself moving faster!
You feel mighty!
Crazy Yiuf hits you with a +4 quarterstaff of chaos!
* * * LOW HITPOINT WARNING * * *
You feel your power leaking away.
You completely miss Crazy Yiuf.
Crazy Yiuf is moderately wounded.
Crazy Yiuf hits you with a +4 quarterstaff of chaos.
* * * LOW HITPOINT WARNING * * *
Crazy Yiuf freezes you.
* * * LOW HITPOINT WARNING * * *
You barely miss Crazy Yiuf.
Crazy Yiuf is moderately wounded.
Crazy Yiuf hits you with a +4 quarterstaff of chaos.
* * * LOW HITPOINT WARNING * * *
You resist with some effort.
You hit Crazy Yiuf.
Crazy Yiuf is moderately wounded.
You barely miss Crazy Yiuf.
Crazy Yiuf is moderately wounded.
Crazy Yiuf hits you with a +4 quarterstaff of chaos!
You die...

.........# .#######.#
.##### #.# .....# #.#
######### .###.# #.#
#..#.#... .###.###.#
##......# .........#
### ♣♣##.....#.#
####.##### #)..#♣♣
♣♣.)+.......# ##.###
#...g@♣♣♣♣..)...#.####
#....#
#...#♣..♣.....).#.#
#..#.# ###
♣♣♣.♣...+..#.# #..#.#
♣♣♣♣♣#####'## #..#>#
##...## #..#.# #######
##.....## #.<..#
#..#..# ##.......#
#####.##
##....####........# .#
#.# #.......'........#


You could see Crazy Yiuf.

Vanquished Creatures
  2 adders (D:2)
  A dart slug (D:2)
  8 ball pythons (D:1)
  An endoplasm (D:1)
  A giant cockroach (D:1)
  6 hobgoblins
  5 jackals
  A kobold (D:1)
  A quokka (D:2)
  3 bats
  4 frilled lizards
  6 goblins
  2 rats
41 creatures vanquished.

Notes
Turn   | Place    | Note
-------+----------+-------------------------------------------
     0 | D:1      | booth the Hill Orc Monk began the quest for the Orb.
     0 | D:1      | Reached XP level 1. HP: 19/19 MP: 1/1
   132 | D:1      | Found a faded altar of an unknown god.
   142 | D:1      | Reached XP level 2. HP: 27/27 MP: 2/2
   471 | D:1      | Reached XP level 3. HP: 27/33 MP: 3/3
   916 | D:2      | Reached skill level 5 in Axes
  1431 | D:2      | Found a runed translucent door.
  1432 | D:2      | Noticed Crazy Yiuf
  1506 | D:2      | Reached XP level 4. HP: 40/40 MP: 4/4
  2107 | D:2      | Slain by Crazy Yiuf

Illustrated notes

Levels and vault maps discovered:
D:1:      amcnicky_arrival_wind_blow, layout_basic,
          shapermc_ecumenical_altar_starsandcircs
D:2:      layout_loops_corners, serial_co_window_serial, co_window_paths_b,
          co_window_paths_a, co_window_corner_a, co_window_corner_a,
          co_window_of_opportunity_a, co_window_of_opportunity_a,
          co_window_of_opportunity_a, co_window_broadway_c,
          co_window_of_opportunity_b, co_window_cross_4,
          co_window_of_opportunity_c, co_window_of_opportunity_c,
          co_window_paths_d, glass_columns_a, glass_columns_a,
          minmay_misc_feat_plants, uniq_crazy_yiuf_cottage

Skill      XL: |  1  2  3 |
---------------+----------+-----
Fighting       | 4 |  4.3
Axes           | 5 |  5.4
Dodging        | |  2.9

Action                     |  1- 3 |  4- 6 || total
---------------------------+-------+-------++-------
  Melee: Hand axe          |    82 |    34 ||   116
    Use: Scroll            |     4 |     1 ||     5
         Potion            |       |     1 ||     1
 Armour: Robe              |     9 |       ||     9
         Ring mail         |     3 |    13 ||    16
  Dodge: Dodged            |    62 |    14 ||    76
